 Dungeon Crawl Stone Soup version 0.29.0-4-gdea44cf6ec (webtiles) character file.

Game seed: 8014450642238689230

1 qw the Sneak (level 1, -1/10 HPs)
             Began as a Felid Delver on Aug 27, 2022.
             Slain by an ufetubus (2 damage)
             ... on level 5 of the Dungeon.
             The game lasted 00:00:00 (26 turns).

qw the Sneak (Felid Delver)                           Turns: 26, Time: 00:00:01

Health: -1/10      AC:  1    Str:  8    XL:     1   Next: 16%
Magic:  2/2        EV: 17    Int: 11    God:
Gold:   0          SH:  0    Dex: 17    Spells: 0/0 levels left
                                        Lives:  0   Deaths: 0

rFire   . . .      SeeInvis +     - Unarmed
rCold   . . .      Faith    .   (shield unavailable)
rNeg    . . .      Spirit   .   (body armour unavailable)
rPois   .          Reflect  .   (helmet unavailable)
rElec   .          Harm     .   (cloak unavailable)
rCorr   .          Rampage  .   (gloves unavailable)
Will    .....                   (boots unavailable)
Stlth   +++.......              (no amulet)
HPRegen 0.03/turn               (no ring)
MPRegen 0.08/turn               (no ring)

@: quick
A: very small, claws 1, fangs 3, see invisible, speed 1, shaggy fur 1, stealthy
paws, no weapons or thrown items, no armour, multi-lived
a: no special abilities


You were on level 5 of the Dungeon.
You visited 1 branch of the dungeon, and saw 1 of its levels.


Innate Abilities, Weirdness & Mutations

You have sharp claws.
You have razor-sharp teeth.
You have supernaturally acute eyesight. (SInv)
You cover ground quickly. (Speed+)
You are covered in fur. (AC +1)
Your paws help you pounce on unaware monsters.
You are incapable of wielding weapons or throwing items.
You cannot wear armour.
You gain extra lives every three experience levels.


   Skills:
 - Level 3.0 Fighting
 - Level 2.6 Dodging
 - Level 6.6 Stealth
 + Level 2.1 Unarmed Combat


You couldn't memorise any spells.
You didn't know any spells.
Your spell library was empty.

Inventory:

Wands
 e - a wand of digging (3)
Scrolls
 a - a scroll of fog
 b - a scroll of magic mapping
 c - a scroll of fear
Potions
 d - a potion of haste

Dungeon Overview and Level Annotations

Branches:
Dungeon (5/15)
 Temple: D:4-7

Altars:


Message History

Welcome, qw the Felid Delver.
Will you prevail where others failed? Will you find the Orb of Zot?
Press ? for a list of commands and other information.
Found a stone staircase leading down.
Assign waypoint to what number? (0-9) Waypoint 2 assigned to D:5.
Enter note:
0 ||| PLANNING D:1-11 You open the door.
There is an open door here. 2 orcs come into view.
A quokka comes into view.
13 ||| Stepping ~*~*~tactically~*~*~ (stealth).
14 ||| Stepping ~*~*~tactically~*~*~ (stealth).
You scratch the quokka but do no damage.
You bite the quokka, but do no damage. The quokka closely misses you.
You scratch the quokka.
The quokka is moderately wounded.
The quokka completely misses you.
You miss the quokka.
The quokka is moderately wounded.
The quokka closely misses you.
You scratch the quokka.
You kill the quokka!
An ufetubus comes into view.
21 ||| Stepping ~*~*~tactically~*~*~ (stealth).
You barely miss the ufetubus. The ufetubus closely misses you. x2
You closely miss the ufetubus. The ufetubus misses you. The ufetubus hits you.
The ufetubus completely misses you. The ufetubus hits you.
You scratch the ufetubus but do no damage.
The ufetubus hits you. x2
You scratch the ufetubus.
The ufetubus is severely wounded.
The ufetubus barely misses you. x2; The ufetubus hits you.
You die...

#.....##### #####
##.....##..##.....
#......#..........
#......#..........
#.....##.........
##.....##.5##....o
#......##.@# ..o
#......###'## .
#...........#
#......>....#
#...........#
##.....##..##
#.....#####
#....... #.......


You could see an ufetubus.

Vanquished Creatures
  A quokka (D:5)
1 creature vanquished.

Notes
Turn   | Place    | Note
-------+----------+-------------------------------------------
     0 | D:5      | qw the Felid Delver began the quest for the Orb.
     0 | D:5      | Reached XP level 1. HP: 10/10 MP: 2/2
     0 | D:5      | 0 ||| qw: Version: 0.1-a-89-g26bdef1
     0 | D:5      | 0 ||| qw: Game counter: 5
     0 | D:5      | 0 ||| qw: Always use a shield: true
     0 | D:5      | 0 ||| qw: God list: Okawaru, Trog
     0 | D:5      | 0 ||| qw: Allow faded altars: false
     0 | D:5      | 0 ||| qw: Do Orc after D:15 true
     0 | D:5      | 0 ||| qw: Do second Lair branch before Depths: true
     0 | D:5      | 0 ||| qw: Lair rune preference: random
     0 | D:5      | 0 ||| qw: Plans: Normal
     0 | D:5      | 0 ||| PLANNING D:1-11
    13 | D:5      | 13 ||| Stepping ~*~*~tactically~*~*~ (stealth).
    14 | D:5      | 14 ||| Stepping ~*~*~tactically~*~*~ (stealth).
    21 | D:5      | 21 ||| Stepping ~*~*~tactically~*~*~ (stealth).
    25 | D:5      | HP: 2/10 [ufetubus (2)]
    26 | D:5      | Slain by an ufetubus

Levels and vault maps discovered:
D:5:      layout_gridville, general_overflow_altar,
          nicolae_shop_sticking_my_neck_out

Action                   || total
-------------------------++-------
Melee: Unarmed           ||     8
       Bite              ||     1
Dodge: Dodged            ||     9

Table legend:
 A = Non-vault XP
 B = Vault XP
 C = Vault XP percentage of total XP
 D = Non-vault monster count
 E = Vault monster count
 F = Vault count percentage of total count
                 A         B        C        D         E       F
            +---------+---------+-------+---------+---------+-------
      Total |       2 |       0 |   0.0 |       1 |       0 |   0.0
            +---------+---------+-------+---------+---------+-------
        D:5 |       2 |       0 |   0.0 |       1 |       0 |   0.0
            +---------+---------+-------+---------+---------+-------
